 Dungeon Crawl Stone Soup version 0.18.1-1-g2f07953 (webtiles) character file.

53 ShiverMeTomatoes the Sneak (level 3, -2/25 HPs)
             Began as a Vampire Enchanter on May 19, 2016.
             Was an Initiate of Dithmenos.
             Slain by Guenter's ghost (4 damage)
             ... on level 3 of the Dungeon.
             The game lasted 00:17:40 (2567 turns).

ShiverMeTomatoes the Sneak (Vampire Enchanter)      Turns: 2567, Time: 00:17:41

Health: -2/25      AC:  8    Str:  8    XL:     3   Next: 62%
Magic:  6/6        EV:  3    Int: 21    God:    Dithmenos [......]
Gold:   129        SH:  0    Dex: 14    Spells: 0 memorised, 6 levels left

rFire  x . .     SeeInvis +     m - -3 short sword
rCold  + . .     Gourm    .     y - +0 chain mail
rNeg   + . .     Faith    .     (no shield)
rPois  .         Spirit   .     (no helmet)
rElec  .         Dismiss  .     (no cloak)
rCorr  .         Reflect  .     (no gloves)
SustAt .         Harm     .     (no boots)
MR     .....                    n - amulet of regeneration
Stlth  ..........               r - ring of ice
                                q - +4 ring of intelligence

@: not resistant to hostile enchantments, extremely unstealthy
A: fangs 3, see invisible, unbreathing
a: Bat Form, Renounce Religion


You were on level 3 of the Dungeon.
You worshipped Dithmenos.
Dithmenos was noncommittal.
You were not thirsty.

You visited 1 branch of the dungeon, and saw 3 of its levels.

You collected 129 gold pieces.

Inventory:

Hand Weapons
 a - a +1 dagger
 e - a +0 hunting sling
 f - a +0 club
 m - a -3 short sword (weapon)
 t - a +0 club
Armour
 b - a +1 robe
 v - a +0 ring mail
 y - a +0 chain mail (worn)
Jewellery
 n - an amulet of regeneration (around neck)
 q - a +4 ring of intelligence (left hand)
 r - a ring of ice (right hand)
 x - an uncursed amulet of magic regeneration
Scrolls
 g - a scroll of remove curse
 j - a scroll of enchant weapon {unknown}
 k - a scroll of amnesia
 l - a scroll of blinking {unknown}
 u - a scroll of recharging {unknown}
 B - a scroll of teleportation {unknown}
 C - a scroll of fear {unknown}
Potions
 d - a potion of cure mutation {unknown}
 h - 2 potions of curing {unknown}
 o - a potion of cancellation {unknown}
 s - 2 potions of flight {unknown}
 w - a potion of lignification
 A - a potion of berserk rage {unknown}
Books
 c - a book of Maledictions

   Spells                             Type                      Level
   a - Corona                         Hexes                        1
   b - Ensorcelled Hibernation        Hexes/Ice                    2
   c - Confuse                        Hexes                        3
   d - Tukima's Dance                 Hexes                        3
   e - Dazzling Spray                 Conjuration/Hexes            3
Comestibles
 i - 2 fruits
 p - a slice of pizza
 z - 2 bread rations


   Skills:
 + Level 0.3 Fighting
 + Level 1.3 Short Blades
 + Level 2.8 Dodging
 + Level 5.5 Stealth
 + Level 2.1 Spellcasting
   Level 5.1 Hexes


You had 6 spell levels left.
You didn't know any spells.

Dungeon Overview and Level Annotations

Branches:
Dungeon (3/15)

Altars:
Dithmenos

Annotations:
D:3 Guenter's ghost, weakling DEWn


Innate Abilities, Weirdness & Mutations

You have razor-sharp teeth.
You have supernaturally acute eyesight.
You can survive without breathing.


Message History

* * * LOW HITPOINT WARNING * * *
You hit Guenter's ghost but do no damage.
Guenter's ghost is heavily damaged.
Guenter's ghost hits you but does no damage.
You hit Guenter's ghost but do no damage.
Guenter's ghost is heavily damaged.
Guenter's ghost hits you but does no damage.
You completely miss Guenter's ghost.
Guenter's ghost is heavily damaged.
Guenter's ghost hits you.
* * * LOW HITPOINT WARNING * * *
Your chain mail prevents you from hitting Guenter's ghost.
Your bite misses Guenter's ghost.
Guenter's ghost is heavily damaged.
Guenter's ghost hits you.
* * * LOW HITPOINT WARNING * * *
You barely miss Guenter's ghost.
Guenter's ghost is heavily damaged.
Guenter's ghost hits you.
You die...

#.#########...#
#.............#
####.#######..#
#.# #..# #.#
#..# #.# #..#
#.# ####..# #
#.#
#.....###...#
#.#
#.#...@.......
##.#W###...#
#.##.# .. #.#
#.#
#.####.###.#
#.....#..[.#
##.# ### #รท#
#####
#.###...##
#####


You could see Guenter's ghost.

Vanquished Creatures
  2 worms (D:2)
  A dart slug (D:1)
  3 giant geckos
  An orc (D:3)
  8 bats
  2 giant cockroaches
  3 goblins
  5 hobgoblins
  5 kobolds
  A quokka (D:2)
  2 giant newts
  9 rats
42 creatures vanquished.

Notes
Turn   | Place    | Note
--------------------------------------------------------------
     0 | D:1      | ShiverMeTomatoes the Vampire Enchanter began the quest for the Orb.
     0 | D:1      | Reached XP level 1. HP: 13/13 MP: 3/3
   315 | D:1      | Reached XP level 2. HP: 19/19 MP: 5/5
   547 | D:1      | Reached skill level 5 in Stealth
   744 | D:1      | Reached skill level 5 in Hexes
  1061 | D:2      | Reached XP level 3. HP: 24/24 MP: 6/6
  1705 | D:2      | Found a shadowy altar of Dithmenos.
  1716 | D:2      | Became a worshipper of Dithmenos the Shadowed
  2551 | D:3      | Noticed Guenter's ghost (weakling DEWn)
  2566 | D:3      | HP: 1/25 [Guenter's ghost (2)]
  2567 | D:3      | Slain by Guenter's ghost

Skill      XL: |  1  2 |
---------------+-------+-----
Stealth        | 5 |  5.5
Hexes          | 5 |  5.1
Fighting       | |  0.3
Short Blades   | |  1.3
Dodging        | |  2.8
Spellcasting   | |  2.1

Action                   || total
-------------------------++-------
Melee: Dagger            ||   108
       Bite              ||    21
       Short sword       ||    61
       Unarmed           ||    41
 Abil: End Transformatio ||     1
       Bat Form          ||     1
  Use: Scroll            ||     5
       Potion            ||     1
 Stab: Sleeping          ||    18
       Distracted        ||     1
  Eat: Corpse            ||     2
Armor: Robe              ||    47
       Chain mail        ||    14
       Ring mail         ||     6
Dodge: Dodged            ||   104
